 Dungeon Crawl Stone Soup version 0.31.0-32-g396128a36d (webtiles) character file.

Game seed: 9021389753149476973

1955 MorbidHarvest the Changeling (level 9, -2/63 HPs)
             Began as an Octopode Shapeshifter on Mar 26, 2024.
             Slain by a two-headed ogre
             ... wielding a +0 dire flail
              (3 damage)
             ... on level 8 of the Dungeon.
             The game lasted 00:08:04 (4785 turns).

MorbidHarvest the Changeling (OpSh)                 Turns: 4785, Time: 00:08:05

Health: -2/63      AC:  1    Str: 14    XL:     9   Next: 19%
Magic:  7/9        EV: 17    Int: 18    God:
Gold:   543        SH:  0    Dex: 11    Spells: 5/8 levels left

rFire   x .          .
                       - Unarmed
rCold   + . .        (shield currently unavailable)
rNeg    . . .        (helmet restricted)
rPois   +            m - amulet of regeneration
rElec   .            l - ring of Inyutos {Ice rPois Will+ Int+2 Stlth-}
rCorr   .            Y - +4 ring of slaying
SInv    .            (no ring)
Will    +....        (no ring)
Stlth   +            (no ring)
HPRegen 1.10/turn    (no ring)
MPRegen 0.11/turn    (no ring)
                     (no ring)

%: no passive effects
@: flux-form, unable to call your familiar, glowing
A: glow, contaminating, almost no armour, amphibious, 8 rings, camouflage 1,
gelatinous body 1, (nimble swimmer 1), tentacles
a: Begin Untransformation


You were on level 8 of the Dungeon.
You were something dangerously unstable.
You visited 2 branches of the dungeon, and saw 9 of its levels.
You also visited: Ossuary.

You collected 543 gold pieces.


Innate Abilities, Weirdness & Mutations

You are something dangerously unstable.
You glow with magical radiation, making you easy to see and hit.
Foes you strike become dangerously contaminated with magical radiation.
You are incapable of wielding weapons or throwing items.
You cannot wear most types of armour.
You are amphibious.
You can wear up to eight rings at the same time.
Your skin changes colour to match your surroundings (Stealth+).
Your rubbery body absorbs attacks. (AC +1, EV +1)
((You are camouflaged when in or above water. (Stealth+)))
You have tentacles for arms and can constrict up to eight enemies at once.


   Skills:
 + Level 6.8 Fighting
 - Level 2.0 Dodging
 - Level 5.0 Unarmed Combat
 - Level 5.0 Summonings
 - Level 7.0 Shapeshifting


You had 5 spell levels left.
You knew the following spells:

 Your Spells              Type           Power      Damage    Failure   Level
c - Call Canine Familiar  Summ           18%        N/A       9%          3

Your spell library contained the following spells:

 Spells                   Type           Power      Damage    Failure   Level
 Summon Small Mammal      Summ           72%        N/A       2%          1
 Foxfire                  Conj/Fire      0%         2x1d4     22%         1
 Blink                    Tloc           0%         N/A       32%         2
 Lesser Beckoning         Tloc           0%         N/A       32%         2
 Momentum Strike          Conj/Tloc      0%         3d8       32%         2
 Summon Blazeheart Golem  Fire/Summ      9%         N/A       61%         4
 Animate Dead             Necr           0%         N/A       91%         4
 Borgnjor's Vile Clutch   Necr/Erth      0%         N/A       99%         5
 Fireball                 Conj/Fire      0%         3d3       99%         5
 Death Channel            Necr           0%         N/A       100%        6
 Plasma Beam              Fire/Air       0%         2x1d10    100%        6

Inventory:

Jewellery
 l - the ring of Inyutos (left tentacle) {Ice rPois Will+ Int+2 Stlth-}
   (You found it on level 2 of the Dungeon)

   [ring of ice]

   Ice:       It enhances your ice magic.
   Int+2:     It affects your intelligence (+2).
   rF-:       It makes you vulnerable to fire.
   rC+:       It protects you from cold.
   rPois:     It protects you from poison Will+: It increases your willpower.
   Stlth-:    It makes you less stealthy.
 m - an amulet of regeneration (around mantle)
 Y - a +4 ring of slaying (right tentacle)
Talismans
 b - a beast talisman
 c - a flux talisman (active)
Wands
 o - a wand of polymorph (9)
 r - a wand of paralysis (8)
 y - a wand of flame (25)
Scrolls
 d - 3 scrolls of teleportation {unknown}
 e - a scroll of enchant weapon {unknown}
 i - 4 scrolls of identify {unknown}
 j - a scroll of vulnerability {unknown}
 k - a scroll of blinking {unknown}
 p - 5 scrolls of revelation {unknown}
 s - 3 scrolls of fog {unknown}
 x - a scroll of amnesia {unknown}
 A - a scroll of enchant armour {unknown}
 B - a scroll of poison {unknown}
Potions
 a - 3 potions of lignification
 f - 2 potions of heal wounds {unknown}
 g - 3 potions of mutation {unknown}
 h - 2 potions of attraction {unknown}
 n - a potion of degeneration {unknown}
 q - a potion of ambrosia {unknown}
 t - a potion of enlightenment {unknown}
 u - a potion of haste {unknown}
 v - a potion of magic {unknown}
 w - 4 potions of curing {unknown}
 z - a potion of might {unknown}

Dungeon Overview and Level Annotations

Branches:
Dungeon (8/15)             Temple (1/1) D:4         Ossuary (visited)
   Lair: D:8-11

Altars:
Cheibriados
Dithmenos
Elyvilon
Hepliaklqana
Kikubaaqudgha
Makhleb
Nemelex Xobeh
Qazlal
Ru
Sif Muna
Uskayaw
Vehumet
Xom
Zin

#........ ## #.# ..
#.# #.##.# #.##.#
#.##.# #.##.# #.##.#
#.pO># #..###
#########..#
#######..........#
...............>##
....###...........(.
###.# #..######.####
#.# #..# #.#
#......# #.#


You could see a two-headed ogre (heavy contam).


Message History

You call for your canine familiar and it appears with a howl!
The two-headed ogre barely misses your inugami.
The two-headed ogre hits your inugami with a +0 giant club!!
Your inugami dies!
Your inugami disappears in a puff of smoke!
Casting: Call Canine Familiar (dangerous; 9% risk of failure)
Confirm with . or Enter, or press ? or * to list all spells.
Your canine familiar is too injured to answer your call.
Unknown command.
There is an escape hatch in the floor here.
Casting: Call Canine Familiar (dangerous; 9% risk of failure)
Confirm with . or Enter, or press ? or * to list all spells.
Your canine familiar is too injured to answer your call.
Unknown command.
You completely miss the two-headed ogre.
You squeeze the two-headed ogre!
The two-headed ogre is lightly wounded.
The two-headed ogre hits you with a +0 dire flail!!
The two-headed ogre hits you with a +0 giant club!!
* * * LOW HITPOINT WARNING * * *
Unknown command.
You tentacle-slap the two-headed ogre.
The two-headed ogre begins to glow.
The two-headed ogre is moderately wounded.
You tentacle-slap the two-headed ogre.
The two-headed ogre glows dangerously bright.
The two-headed ogre is moderately wounded.
The two-headed ogre hits you with a +0 dire flail!
* * * LOW HITPOINT WARNING * * *
The two-headed ogre hits you with a +0 giant club.
You die...

Skill      XL: |  1  2  3  4  5  6  7  8 |
---------------+-------------------------+-----
Fighting       | 2 4 5 6 |  6.8
Shapeshifting  | 4 5 7 |  7.0
Unarmed Combat | 4 5 |  5.0
Summonings     | 1 4 5 |  5.0
Dodging        | |  2.0

Action                     |  1- 3 |  4- 6 |  7- 9 || total
---------------------------+-------+-------+-------++-------
  Melee: Unarmed           |    69 |    68 |   132 ||   269
         Tentacles         |    10 |    11 |    34 ||    55
         Constrict         |    19 |    13 |    39 ||    71
         Punch             |     2 |     2 |     1 ||     5
   Cast: Call Canine Famil |       |       |     9 ||     9
   Stab: Sleeping          |     5 |     1 |       ||     6
         Distracted        |     1 |       |       ||     1
 Armour: Skin              |    26 |    30 |    64 ||   120
  Dodge: Dodged            |    36 |    45 |    76 ||   157
   Form: Flux              |       |       |     1 ||     1

Levels and vault maps discovered:
D:1:      arrival_zaba_pyramid, layout_basic, nicolae_eternal_life,
          serial_park_tiny_1, minmay_misc_feat_rugged, minmay_split_cup_large
D:2:      layout_loops_ring
D:3:      layout_rooms, mainiacjoe_overflow_24_doors
D:4:      layout_loops_cross, minmay_temple_entry_purple_smoke
D:5:      layout_rooms, nicolae_xom_altar_mimics, general_overflow_altar,
          enter_ossuary_1
D:6:      nicolae_whirlpool, layout_rooms
D:7:      minmay_the_grid_octo_tiled_octocenter [minmay_the_grid_octo_toaster,
          minmay_the_grid_octo_empty, minmay_the_grid_octo_empty,
          minmay_the_grid_octo_shrine, minmay_the_grid_octo_prize_single_spiral,
          minmay_the_grid_square_5x5_bite, minmay_the_grid_square_5x5_six_small,
          minmay_the_grid_square_5x5_hollow_slash,
          minmay_the_grid_square_5x5_longway], layout_rooms,
          nicolae_gozag_cash_rules_everything_around_me, uniq_pikel
D:8:      layout_basic, gammafunk_temple_overflow_elements,
          grunt_lair_entry_orc_guard_hut, minmay_holes
Temple:   nicolae_temple_bog_church

Notes
Turn   | Place    | Note
-------+----------+-------------------------------------------
     0 | D:1      | MorbidHarvest the Octopode Shapeshifter began the quest for
                  | the Orb.
     0 | D:1      | Reached XP level 1. HP: 13/13 MP: 1/1
   253 | D:1      | Reached XP level 2. HP: 17/18 MP: 2/2
   345 | D:1      | Reached skill level 2 in Fighting
   448 | D:1      | Reached XP level 3. HP: 24/24 MP: 3/3
   586 | D:1      | Got the Opusculum on Flames
   983 | D:2      | Identified the +7 flail of the Hurling Gods {heavy, rElec
                  | Str+4}
  1209 | D:2      | Identified the ring of Inyutos {Ice rPois Will+ Int+2
                  | Stlth-}
  1740 | D:3      | Reached XP level 4. HP: 12/30 MP: 4/4
  1769 | D:3      | Found a shadowy altar of Dithmenos.
  2255 | D:4      | Noticed an ogre
  2300 | D:4      | Found a staircase to the Ecumenical Temple.
  2309 | D:4      | Reached skill level 3 in Fighting
  2309 | D:4      | Reached skill level 4 in Shapeshifting
  2313 | Temple   | Entered the Ecumenical Temple
  2422 | D:4      | Noticed a black bear
  2430 | D:4      | Killed a black bear
  2431 | D:4      | Reached skill level 4 in Fighting
  2431 | D:4      | Reached XP level 5. HP: 26/37 MP: 5/5
  2637 | D:4      | Killed an ogre
  2638 | D:4      | Reached XP level 6. HP: 29/44 MP: 6/6
  2642 | D:4      | Learned a level 3 spell: Call Canine Familiar
  2947 | D:4      | Reached skill level 4 in Unarmed Combat
  2947 | D:4      | Reached skill level 1 in Summonings
  2947 | D:4      | Reached XP level 7. HP: 49/49 MP: 7/7
  2960 | D:5      | Entered Level 5 of the Dungeon
  2964 | D:5      | Reached skill level 5 in Fighting
  2991 | D:5      | Reached skill level 2 in Summonings
  2991 | D:5      | Reached skill level 5 in Shapeshifting
  3002 | D:5      | Found a shimmering altar of Xom.
  3004 | D:5      | Found a shimmering altar of Xom.
  3004 | D:5      | Found a shimmering altar of Xom.
  3005 | D:5      | Found a shimmering altar of Xom.
  3005 | D:5      | Found a shimmering altar of Xom.
  3019 | D:5      | Reached skill level 3 in Summonings
  3129 | D:5      | Found a sand-covered staircase.
  3135 | Ossuary  | Entered an ossuary
  3201 | Ossuary  | Reached skill level 4 in Summonings
  3412 | D:5      | Found a sacrificial altar of Ru.
  3498 | D:5      | Reached XP level 8. HP: 44/55 MP: 5/8
  3528 | D:5      | Found a shimmering altar of Xom.
  3528 | D:5      | Found a shimmering altar of Xom.
  3749 | D:5      | Reached skill level 5 in Summonings
  3912 | D:6      | Reached skill level 6 in Shapeshifting
  4180 | D:6      | You fall into a shaft and drop 2 floors!
  4260 | D:8      | Noticed a manticore
  4298 | D:8      | Reached skill level 7 in Shapeshifting
  4380 | D:8      | Identified the +5 sling "Himiol" {heavy, rC++}
  4574 | D:8      | Killed a manticore
  4575 | D:8      | Reached skill level 6 in Fighting
  4575 | D:8      | Reached skill level 5 in Unarmed Combat
  4575 | D:8      | Reached XP level 9. HP: 29/63 MP: 6/9
  4772 | D:8      | Noticed a two-headed ogre
  4785 | D:8      | HP: 1/63 [two-headed ogre/+0 dire flail (17)]
  4785 | D:8      | Slain by a two-headed ogre

Vanquished Creatures
  An ice beast (D:5)
  A black bear (D:4)
  An orc warrior (D:8)
  3 ogres
  A phantom (D:4)
  2 scorpions
  5 wights (D:8)
  A gnoll bouda (D:8)
  2 orc priests
  2 hounds
  A jelly (D:5)
  A sleepcap (D:5)
  An iguana (D:5)
  5 orc wizards
  8 mummies (Ossuary)
  8 gnolls
  3 adders
  A shadow imp (D:5)
  A ribbon worm (D:3)
  14 orcs
  4 ball pythons
  5 bats
  4 endoplasms
  4 giant cockroaches
  A gnoll zombie (Ossuary)
  5 hobgoblins
  7 jackals
  6 kobolds
  2 quokkas
  4 frilled lizards (D:1)
  10 goblins
  A hobgoblin zombie (Ossuary)
  2 kobold zombies (Ossuary)
  3 orc zombies (Ossuary)
  A rat (D:3)
121 creatures vanquished.

Vanquished Creatures (collateral kills)
  A manticore (D:8)
  A hobgoblin zombie (Ossuary)
2 creatures vanquished.

Grand Total: 123 creatures vanquished

Table legend: (Time is in decaauts)
 A = Elapsed time spent in this place.
 B = Non-inter-level travel time spent in this place.
 C = Inter-level travel time spent in this place.
 D = Time resting spent in this place.
 E = Time spent auto-exploring this place.
 F = Levels seen in this place.
 G = Mean time per level.
                   A        B        C        D        E       F      G
               +--------+--------+--------+--------+--------+-----+--------+
         Total |   4766 |   4606 |    160 |    685 |   3046 |  10 |  476.6 |
       Dungeon |   4549 |   4390 |    159 |    685 |   2928 |   8 |  568.6 |
        Temple |      2 |      1 |      1 |      0 |      1 |   1 |    2.0 |
       Ossuary |    214 |    214 |      0 |      0 |    117 |   1 |  214.0 |
               +--------+--------+--------+--------+--------+-----+--------+

Top non-repeatable levels by time:
     D:1: 969 daAuts
     D:5: 817 daAuts
     D:4: 730 daAuts
     D:3: 678 daAuts
     D:2: 608 daAuts
     D:8: 584 daAuts
 Ossuary: 214 daAuts
     D:6: 142 daAuts
     D:7: 17 daAuts
  Temple: 2 daAuts

Table legend:
 A = Non-vault XP
 B = Vault XP
 C = Vault XP percentage of total XP
 D = Non-vault monster count
 E = Vault monster count
 F = Vault count percentage of total count
                 A         B        C        D         E       F
            +---------+---------+-------+---------+---------+-------
      Total |    2622 |     172 |   6.2 |     103 |      20 |  16.3
            +---------+---------+-------+---------+---------+-------
        D:1 |      20 |      18 |  47.4 |      12 |       4 |  25.0
        D:2 |      32 |       0 |   0.0 |      18 |       0 |   0.0
        D:3 |      26 |       0 |   0.0 |      12 |       0 |   0.0
        D:4 |     556 |       0 |   0.0 |      24 |       0 |   0.0
        D:5 |     740 |       0 |   0.0 |      16 |       0 |   0.0
        D:6 |     187 |       0 |   0.0 |       7 |       0 |   0.0
        D:8 |    1061 |       0 |   0.0 |      14 |       0 |   0.0
    Ossuary |       0 |     154 | 100.0 |       0 |      16 | 100.0
            +---------+---------+-------+---------+---------+-------
